Unix NetHack Version 3.7.0-102 Work-in-progress - last build Apr 7 2024 00:22:53 (d302a6a9ff6341f1a922d8f5af178406b35fdf99,branch:master). Game began 2024-04-19 00:40:15, ended 2024-04-19 00:52:11. Merlek, neutral male human Priest -------- -.--- .......| -...| |......| |...|# |......| ####.....######.......| ### -----# |......| *################.......| ### -------- # ---+-------- # |...........## |........@a| +..........| ------------ Merlek the Acolyte St:9 Dx:11 Co:16 In:12 Wi:18 Ch:10 Neutral Dlvl:6 $:4 HP:0(39) Pw:57(57) AC:2 Xp:4/124 T:1973 Latest messages: Where do you want to travel to? (For instructions type a '?') You descend the stairs. That door is closed. The door resists! The door resists! The door resists! The door resists! The door resists! The door resists! The door resists! The door resists! The door resists! The door resists! The door opens. KABOOM!! The door was booby-trapped! You stagger... You feel a bit steadier now. You stop searching. The air crackles around the kobold shaman. You hit the kobold shaman. The kobold shaman points all around, then curses. You miss the kobold shaman. You hit the kobold shaman. The kobold shaman points at you, then curses. You kill the kobold shaman! You kill the gas spore! Boom! You are caught in the gas spore's explosion! You miss the rock mole. You miss the rock mole. The rock mole bites! You miss the rock mole. The rock mole bites! You miss the rock mole. The rock mole bites! You miss the rock mole. You miss the rock mole. The giant ant bites! You miss the rock mole. The giant ant bites! The giant ant misses! The giant ant bites! The giant ant misses! The giant ant misses! The giant ant misses! The giant ant bites! The giant ant bites! You die... Do you want your possessions identified? [ynq] (n) Inventory: Coins $ - 4 gold pieces Weapons a - a blessed +1 mace (weapon in right hand) Armor y - an uncursed +0 orcish helm (being worn) v - an uncursed +0 pair of kicking boots (being worn) c - a blessed +0 small shield (being worn) b - an uncursed +0 robe (being worn) M - an uncursed +0 studded leather armor (being worn) Comestibles e - an uncursed clove of garlic m - an uncursed cream pie w - an uncursed food ration F - an uncursed partly eaten food ration i - 4 uncursed fortune cookies u - an uncursed lembas wafer f - an uncursed sprig of wolfsbane k - 2 uncursed tripe rations j - an uncursed lichen corpse Scrolls z - a blessed scroll of blank paper x - an uncursed scroll of create monster L - an uncursed scroll of earth q - an uncursed scroll of fire t - 3 uncursed scrolls of light r - an uncursed scroll of scare monster H - an uncursed scroll of teleportation Potions B - an uncursed potion of see invisible d - a potion of holy water Rings K - a cursed ring of levitation Wands l - an uncursed wand of striking (0:2) Gems/Stones p - an uncursed worthless piece of black glass Merlek the Priest's attributes: Background: You were an Acolyte, a level 4 human Priest. You were neutral, on a mission for Ishtar who was opposed by Anu (lawful) and Anshar (chaotic). You were right-handed. You were in the Dungeons of Doom, on level 6. You entered the dungeon 1973 turns ago. It was the midnight hour. You had 124 experience points, 36 more were needed to attain level 5. Basics: You had 0 out of 39 hit points. You had all 57 energy points (spell power). Your armor class was 2. Your wallet contained 4 zorkmids. Autopickup was on for '$=?"/!%' plus thrown, with exceptions. Final Characteristics: Your strength was 9 (limit:18/100). Your dexterity was 11 (limit:18). Your constitution was 16 (limit:18). Your intelligence was 12 (limit:18). Your wisdom was 18 (limit:18). Your charisma was 10 (limit:18). Final Status: You weren't hungry. You were unencumbered. You were wielding a mace. You had basic skill with mace. Final Attributes: You were devoutly aligned. You were guarded. You are dead. Miscellaneous: You never encountered a bones level. Total elapsed playing time was 11 minutes and 56 seconds. Major events: Turn 1: Merlek the neutral human Priest entered the dungeon 336: entered the Gnomish Mines 922: attained the rank of Acolyte (level 3) 1973: killed by a giant ant Vanquished creatures: a pony a floating eye a kobold shaman 2 hill orcs an iguana an acid blob a gas spore a cave spider a brown mold a gnome a gnome zombie 2 geckos 2 kobolds a goblin a sewer rat 5 grid bugs 2 lichens a newt 26 creatures vanquished. No species were genocided or became extinct. Voluntary challenges: You were illiterate. You never engraved Elbereth. You never had a pet. You never genocided any monsters. You never polymorphed an object. You never changed form. You used no wishes. Achievements: You entered the Gnomish Mines. You entered a shop. You attained the rank of Acolyte. The Dungeons of Doom: levels 1 to 6 Level 1: Level 2: Stairs down to The Gnomish Mines. Level 3: "sor shop 107" A sink. Level 4: "holy water + spell books" Some fountains. Level 5: Some fountains, a grave. Level 6: <- You were here. Final resting place for you, killed by a giant ant. The Gnomish Mines: Level 3: Game over: ---------- / \ / REST \ / IN \ / PEACE \ / \ | Merlek | | 4 Au | | killed by a | | giant ant | | | | | | 2024 | *| * * * | * _________)/\\_//(\/(/\)/\//\/|_)_______ Goodbye Merlek the Priest... You died in The Dungeons of Doom on dungeon level 6 with 750 points, and 4 pieces of gold, after 1973 moves. You were level 4 with a maximum of 39 hit points when you died.